 Dungeon Crawl Stone Soup version 0.27-a0-1219-g958d993ae5 (webtiles) character file.

Game seed: 16896414266696673408

13444 patchburns1 the Carver (level 11, -2/99 HPs)
             Began as a Minotaur Fighter on June 6, 2021.
             Was a Priest of Dithmenos.
             Slain by a skeletal warrior
             ... wielding a +0 long sword
             ... led by a death knight
              (16 damage)
             ... on level 12 of the Dungeon.
             The game lasted 00:56:06 (12156 turns).

patchburns1 the Carver (Minotaur Fighter)          Turns: 12156, Time: 00:56:06

Health: -2/99      AC: 16    Str: 20    XL:     11   Next: 75%
Magic:  15/15      EV: 13    Int:  8    God:    Dithmenos [***...]
Gold:   764        SH: 12    Dex: 17    Spells: 10/10 levels left

rFire    . . .     SeeInvis .   y - +7 long sword (holy)
rCold    . . .     Faith    .   c - +1 kite shield
rNeg     . . .     Spirit   .   v - +4 troll leather armour
rPois    .         Reflect  .   (helmet restricted)
rElec    .         Harm     .   (no cloak)
rCorr    .         Rampage  .   T - +2 pair of gloves
Will     .....                  u - +2 pair of boots {Stlth+}
Stlth    +++++.....             b - amulet of magic regeneration
HPRegen  1.26/turn              a - +6 ring of dexterity
MPRegen  0.39/turn              (no ring)

@: slowed, wreathed by umbra, very slow
A: horns 2, retaliatory headbutt
a: Renounce Religion, Shadow Step


You were on level 12 of the Dungeon.
You worshipped Dithmenos.
Dithmenos was most pleased with you.
You visited 2 branches of the dungeon, and saw 13 of its levels.

You collected 764 gold pieces.

Inventory:

Hand Weapons
 y - a +7 long sword of holy wrath (weapon)
 D - a +0 trident
 E - a +0 dagger
 M - a +2 hunting sling of flaming
 P - a +2 falchion of flaming
Missiles
 e - 415 stones
 g - 48 poisoned darts
 j - 96 sling bullets
 C - 20 bolts
 H - 4 boomerangs
Armour
 c - a +1 kite shield (worn)
 u - a +2 pair of boots of stealth (worn)
 v - a +4 troll leather armour (worn)
 Q - a +2 scale mail of fire resistance
 T - a +2 pair of gloves (worn)
Jewellery
 a - a +6 ring of dexterity (left hand)
 b - an amulet of magic regeneration (around neck)
 G - an amulet of guardian spirit
Wands
 q - a wand of mindburst (17)
 r - a wand of charming (19)
 I - a wand of iceblast (8)
 J - a wand of paralysis (9)
 U - a wand of digging (5)
 Y - a wand of polymorph (11)
Scrolls
 i - a scroll of silence {unknown}
 k - 2 scrolls of amnesia
 n - 5 scrolls of vulnerability
 o - 5 scrolls of teleportation
 R - 3 scrolls of blinking
 S - a scroll of magic mapping {unknown}
 V - a scroll of acquirement {unknown}
 W - a scroll of holy word {unknown}
 X - a scroll of summoning {unknown}
Potions
 d - a potion of might
 h - 2 potions of magic
 l - 5 potions of berserk rage
 m - 6 potions of lignification
 w - a potion of heal wounds {unknown}
 x - 2 potions of flight {unknown}
 z - a potion of invisibility
 A - 4 potions of curing
 B - a potion of resistance {unknown}
 K - a potion of brilliance {unknown}
 L - a potion of ambrosia {unknown}
 N - a potion of attraction {unknown}
 O - 2 potions of cancellation
Miscellaneous
 f - a box of beasts (inert) (quivered)


   Skills:
 + Level 9.9 Fighting
 + Level 9.9 Long Blades
 + Level 2.6 Slings
 - Level 0.2(1.4) Throwing
 + Level 8.4 Armour
 + Level 6.1 Dodging
 + Level 5.0 Stealth
 + Level 8.2 Shields
 * Level 7.9 Invocations
 + Level 4.9 Evocations


You had 10 spell levels left.
You didn't know any spells.
Your spell library contained the following spells:

 Spells                   Type           Power      Damage    Failure   Level
 Magic Dart               Conj           0%         1d3       77%         1
 Sandblast                Erth           0%         2d4       77%         1
 Shock                    Conj/Air       0%         1d3       77%         1
 Passwall                 Tmut/Erth      0%         N/A       88%         2
 Searing Ray              Conj           0%         3d3       88%         2
 Static Discharge         Conj/Air       0%         N/A       88%         2
 Confusing Touch          Hex            0%         N/A       98%         3
 Dazzling Flash           Conj/Hex       0%         N/A       98%         3
 Gell's Gravitas          Tloc           0%         N/A       98%         3
 Stone Arrow              Conj/Erth      0%         3d7       98%         3
 Swiftness                Air            0%         N/A       98%         3
 Airstrike                Air            0%         N/A       100%        4
 Fulminant Prism          Conj/Hex       0%         3d6       100%        4
 Iskenderun's Mystic Bla  Conj/Tloc      0%         2d3       100%        4
 Petrify                  Tmut/Erth      0%         N/A       100%        4
 Lee's Rapid Deconstruct  Erth           0%         3d5*      100%        5
 Lightning Bolt           Conj/Air       0%         1d11      100%        5
 Metabolic Englaciation   Hex/Ice        0%         N/A       100%        5
 Yara's Violent Unravell  Hex/Tmut       0%         3d3       100%        5


Dungeon Overview and Level Annotations

Branches:
Dungeon (12/15)            Temple (1/1) D:4            Lair (0/6) D:9
    Orc (0/2) D:10

Altars:
Ashenzari
Cheibriados
Dithmenos
Elyvilon
Fedhas
Gozag
Hepliaklqana
Kikubaaqudgha
Makhleb
Nemelex Xobeh
Okawaru
Qazlal
Ru
Sif Muna
Trog
Uskayaw
Vehumet
Wu Jian
Xom
Yredelemnul
Zin
The Shining One

Shops:
D:2 *   D:3 =


Innate Abilities, Weirdness & Mutations

You have a pair of horns on your head.
You reflexively headbutt those who attack you in melee.


Message History

You hit the wraith.
The wraith convulses.
You headbutt the wraith, but do no damage.
The wraith is moderately damaged.
The wraith hits you. The wraith drains your vigour!
You feel as though you will be slow longer.
The death knight hits you from afar with a +0 glaive!!
The wraith hits you but does no damage.
You slash the wraith!
The wraith convulses.
You headbutt the wraith, but do no damage.
The wraith is heavily damaged.
You block the death knight's attack. The wraith completely misses you.
You furiously retaliate!
You headbutt the wraith, but do no damage.
The death knight offers itself to Yredelemnul, and fills with unholy energy.
The wraith closely misses you.
You riposte.
You hit the wraith but do no damage.
You headbutt the wraith, but do no damage.
The wraith is heavily damaged.
You hit the wraith.
The wraith convulses.
The wraith is severely damaged.
The death knight hits you from afar with a +0 glaive.
The wraith hits you but does no damage. You block the death knight's attack.
Your shield prevents you from hitting the wraith.
You headbutt the wraith, but do no damage.
The wraith is severely damaged.
The wraith closely misses you. The death knight misses you.
You block the wraith's attack.
You slash the wraith!
The wraith convulses!
You destroy the wraith!
Dithmenos accepts your kill.
The death knight hits you from afar with a +0 glaive.
The skeletal warrior hits you with a +0 long sword!
You block the death knight's attack.
Your Stealth skill increases to level 5!
You barely miss the skeletal warrior.
The skeletal warrior hits you with a +0 long sword!
The death knight hits you from afar with a +0 glaive!
* * * LOW HITPOINT WARNING * * *
The skeletal warrior hits you with a +0 long sword!
You die...

....(......#............#
......(....#.....####'###
...........'.....##.....#
....####'##########.....#
....###....##....##.....#
...........#.....#......#######..
...........#.....#....).##...##..
...........#.....zp..........#...
...###.....##...@####...##...#...
######.....##....#########...#...
....................#.......p#...
..... ...........#........#..W
..... ...........#.)......z.pz
##.## ######...##.##.###########
##.####....##...##.##.####...####
......+.........................H
......#..........................


You could see a death knight (reflects damage) and a skeletal warrior.

Vanquished Creatures
  A hydra (D:8)
  2 two-headed ogres
  Pikel (D:6)
  2 cyclopes
  A kobold demonologist (D:8)
  A tengu conjurer (D:9)
  4 trolls
  Grinder (D:5)
  2 dream sheep (D:8)
  Sigmund (D:6)
  A vampire (D:5)
  14 yaks
  2 wraiths
  A water moccasin (D:8)
  An acid dragon (D:9)
  An ice beast (D:7)
  2 sky beasts
  An orc warrior (D:6)
  A black bear (D:6)
  3 ogres
  2 wolves (D:9)
  3 necrophages
  5 centaurs
  A lemure (D:6)
  A phantom (D:5)
  Blork the orc (D:5)
  5 kobold brigands
  A wyvern zombie (D:6)
  6 bullfrogs
  A scorpion (D:6)
  A wyvern skeleton (D:7)
  2 water moccasin skeletons
  12 killer bees
  3 wights (D:9)
  A howler monkey (D:6)
  5 electric eels (D:9)
  2 bullfrog zombies
  5 centaur zombies
  5 hounds
  2 gnoll shamans
  A centaur skeleton (D:7)
  2 bullfrog skeletons
  Ijyb (D:3)
  Terence (D:3)
  An iguana (D:6)
  4 orc wizards
  A hound skeleton (D:8)
  18 gnolls
  7 adders
  2 white imps
  An ufetubus (D:6)
  3 worms
  2 dart slugs
  21 orcs
  6 endoplasms
  A giant cockroach (D:1)
  11 goblins
  8 hobgoblins
  9 jackals
  3 quokkas
  6 ball pythons
  4 bats (D:1)
  5 frilled lizards
  A jackal skeleton (D:4)
  10 kobolds
  6 rats
242 creatures vanquished.

Notes
Turn   | Place    | Note
-------+----------+-------------------------------------------
     0 | D:1      | patchburns1 the Minotaur Fighter began the quest for the
                  | Orb.
     0 | D:1      | Reached XP level 1. HP: 19/19 MP: 0/0
   304 | D:1      | Reached XP level 2. HP: 12/27 MP: 1/1
   667 | D:1      | Reached XP level 3. HP: 30/33 MP: 2/2
  2141 | D:2      | Reached XP level 4. HP: 32/40 MP: 3/3
  2500 | D:2      | Found Ripnol's Assorted Antiques.
  2991 | D:3      | Found a faded altar of an unknown god.
  2996 | D:3      | Reached XP level 5. HP: 40/46 MP: 4/4
  3242 | D:3      | Noticed Ijyb
  3255 | D:3      | Killed Ijyb
  3258 | D:3      | Reached skill level 5 in Armour
  3450 | D:3      | Noticed Terence
  3457 | D:3      | Killed Terence
  3458 | D:3      | Reached skill level 1 in Dodging
  3506 | D:3      | Found Saywef's Jewellery Emporium.
  4041 | D:4      | Noticed a necrophage
  4051 | D:4      | Killed a necrophage
  4052 | D:4      | Reached skill level 1 in Invocations
  4052 | D:4      | Reached XP level 6. HP: 53/53 MP: 5/5
  4139 | D:4      | Reached skill level 1 in Stealth
  4440 | D:4      | Found a hide-covered altar of Uskayaw.
  4441 | D:4      | Found a snail-covered altar of Cheibriados.
  4441 | D:4      | Found a sacrificial altar of Ru.
  4441 | D:4      | Found an ornate altar of the Wu Jian Council.
  4525 | D:4      | Found a glowing golden altar of the Shining One.
  4607 | D:4      | Found a staircase to the Ecumenical Temple.
  4616 | Temple   | Entered the Ecumenical Temple
  4888 | Temple   | Became a worshipper of Dithmenos the Shadowed
  5062 | D:5      | Entered Level 5 of the Dungeon
  5072 | D:5      | Noticed a vampire
  5146 | D:5      | Noticed Grinder
  5167 | D:5      | Killed Grinder
  5168 | D:5      | Reached skill level 5 in Fighting
  5168 | D:5      | Reached skill level 5 in Shields
  5168 | D:5      | Reached skill level 1 in Evocations
  5168 | D:5      | Reached XP level 7. HP: 31/61 MP: 5/7
  5222 | D:5      | Found a shimmering altar of Xom.
  5240 | D:5      | Noticed Blork the orc
  5245 | D:5      | Killed Blork the orc
  5253 | D:5      | Reached skill level 5 in Long Blades
  5478 | D:5      | Killed a vampire
  5479 | D:5      | Reached XP level 8. HP: 15/70 MP: 9/9
  5833 | D:6      | Noticed Pikel
  5856 | D:6      | Killed Pikel
  5856 | D:6      | Reached * piety under Dithmenos
  5933 | D:6      | Reached XP level 9. HP: 78/78 MP: 11/11
  5942 | D:6      | Noticed a cyclops
  5943 | D:6      | Noticed Sigmund
  5966 | D:5      | Killed a cyclops
  6126 | D:6      | Killed Sigmund
  6239 | D:6      | Reached skill level 5 in Invocations
  7299 | D:7      | Reached ** piety under Dithmenos
  7496 | D:8      | Reached XP level 10. HP: 88/88 MP: 13/13
  7585 | D:8      | Noticed a three-headed hydra
  7594 | D:8      | Killed a one-headed hydra
  7675 | D:8      | Found a burning altar of Makhleb.
  8255 | D:8      | Noticed a soul eater
  8813 | D:9      | Reached skill level 5 in Dodging
  9205 | D:9      | HP: 2/91 [acid (7)]
  9672 | D:9      | Reached *** piety under Dithmenos
  9850 | D:9      | Found a staircase to the Lair.
 10128 | D:9      | Reached XP level 11. HP: 97/97 MP: 15/15
 10850 | D:10     | Entered Level 10 of the Dungeon
 10865 | D:10     | Noticed a two-headed ogre
 10876 | D:10     | Killed a two-headed ogre
 10929 | D:10     | Reached skill level 1 in Slings
 10975 | D:10     | Found a staircase to the Orcish Mines.
 11204 | D:10     | Found a sparkling altar of Nemelex Xobeh.
 11346 | D:11     | Noticed a two-headed ogre
 11388 | D:11     | Killed a two-headed ogre
 11424 | D:11     | Found a white marble altar of Elyvilon.
 12115 | D:12     | Noticed a death knight
 12122 | D:12     | Noticed a phantasmal warrior
 12125 | D:12     | Noticed a skeletal warrior
 12156 | D:12     | Reached skill level 5 in Stealth
 12156 | D:12     | Slain by a skeletal warrior

Illustrated notes

Levels and vault maps discovered:
D:1:      dpeg_arrival_circle_labyrinth_c, layout_basic
D:2:      layout_basic, serial_shops, shop, minmay_heptomino_d4
D:3:      kennysheep_goblin_castle, layout_loops_ring, serial_shops,
          shop_statue, basic_ecumenical_altar, uniq_terence
D:4:      layout_loops_corners, nicolae_tso_swordbearing_angel, minitemple,
          minmay_temple_entry_statues
D:5:      layout_rooms, brannock_xom_greatest_gift, uniq_grinder,
          uniq_blork_the_orc
D:6:      minmay_opposing_rooms, layout_rooms, uniq_pikel, uniq_sigmund
D:7:      layout_layer_cave
D:8:      layout_gridville, makhleb_blood_cavern_becter, serial_glass,
          glass_columns_a, glass_columns_a, corexii_leaking_fountain,
          hangedman_ranch
D:9:      layout_stronghold, erik_lair_island
D:10:     layout_cave_pools, nemelex_diamond_rough_becter, orc_0_dummy,
          kennysheep_generic_room_15
D:11:     layout_cave_pools, nicolae_elyvilon_peaceful_grove
D:12:     layout_gridville
Temple:   minmay_temple_curvy_branch

Skill      XL: |  1  2  3  4  5  6  7  8  9 10 11 |
---------------+----------------------------------+-----
Armour         | 4 5 6 7 8 |  8.4
Shields        | 4 5 6 7 8 |  8.2
Fighting       | 4 5 6 8 9 |  9.9
Long Blades    | 3 4 5 6 8 9 |  9.9
Dodging        | 1 2 3 4 5 6 |  6.1
Invocations    | 1 3 4 5 6 7 |  7.9
Stealth        | 1 2 3 4 5 |  5.0
Evocations     | 1 2 3 4 |  4.9
Slings         | 2 |  2.6
Throwing       | |  0.2

Action                   |  1- 3 |  4- 6 |  7- 9 | 10-12 || total
-------------------------+-------+-------+-------+-------++-------
Melee: Long sword        |    84 |   158 |   221 |   179 ||   642
       Headbutt          |    10 |    27 |    37 |   101 ||   175
       Falchion          |       |       |       |   183 ||   183
 Fire: Hunting sling     |       |       |       |     7 ||     7
Throw: Stone             |       |    28 |       |       ||    28
       Dart              |       |       |       |    82 ||    82
       Boomerang         |       |       |       |     1 ||     1
Invok: Shadow Step       |       |       |       |     1 ||     1
Evoke: Box of beasts     |       |       |       |     1 ||     1
  Use: Scroll            |       |     4 |     1 |    17 ||    22
       Potion            |       |       |       |     1 ||     1
 Stab: Sleeping          |       |     4 |     4 |     4 ||    12
       Distracted        |       |       |     1 |     1 ||     2
Armor: Scale mail        |    49 |    42 |       |    54 ||   145
       Troll leather arm |       |    25 |    64 |    77 ||   166
Dodge: Dodged            |    34 |    59 |   110 |   183 ||   386
Block: Kite shield       |    57 |    87 |   123 |   216 ||   483
       Rpst.: Long sword |     8 |    10 |    22 |    19 ||    59
       Falchion          |       |       |       |    26 ||    26

Table legend: (Time is in decaauts)
 A = Elapsed time spent in this place.
 B = Non-inter-level travel time spent in this place.
 C = Inter-level travel time spent in this place.
 D = Time resting spent in this place.
 E = Time spent auto-exploring this place.
 F = Levels seen in this place.
 G = Mean time per level.
                   A        B        C        D        E       F      G
               +--------+--------+--------+--------+--------+-----+--------+
         Total |  12382 |  11971 |    411 |   1961 |   6701 |  13 |  952.5 |
       Dungeon |  12088 |  11724 |    364 |   1961 |   6457 |  12 | 1007.3 |
        Temple |    294 |    247 |     47 |      0 |    244 |   1 |  294.0 |
               +--------+--------+--------+--------+--------+-----+--------+

Top non-repeatable levels by time:
     D:9: 2339 daAuts
     D:1: 2139 daAuts
     D:8: 1087 daAuts
     D:4: 981 daAuts
     D:3: 942 daAuts
     D:7: 921 daAuts
     D:2: 870 daAuts
     D:5: 864 daAuts
    D:11: 672 daAuts
     D:6: 621 daAuts
    D:10: 448 daAuts
  Temple: 294 daAuts
    D:12: 198 daAuts
